Map: Chantier naval orbital

Players

Pakt

  • Race: Terran Terran
  • League: Diamond

Worming - Winner!

  • Race: Zerg Zerg
  • League: Diamond

VOD

Have the link to the VOD?

Description

Time

  • Played on: Nov. 27, 2015, 4:02 p.m.
  • Length: 12:14
Show
View Real Time Build Order
Export as new Build Order

Pakt Terran 

Build Orders: MMM Bio 

Get SALT Encoding   

  12  0:01  SCV  
  13  0:13  SCV  
  14  0:18  Supply Depot  
  14  0:25  SCV  
  15  0:39  SCV  
  15  0:41  Barracks  
  16  0:44  Refinery  
  16  0:51  SCV  
  17  1:03  SCV  
  18  1:15  SCV  
  19  1:28  Orbital Command  
  20  1:36  Barracks Reactor  
  19  1:41  Command Center  
  19  1:48  Refinery  
  19  1:54  SCV  
  20  1:56  Supply Depot  
  20  2:06  SCV  
  21  2:12  Reaper x2  
  23  2:18  SCV  
  24  2:25  Barracks  
  24  2:30  SCV  
  24  2:32  Barracks  
  25  2:42  SCV  
  26  2:44  Reaper x2  
  28  2:53  Orbital Command  
  28  2:54  SCV  
  29  3:06  SCV  
  30  3:14  Barracks Tech Lab  
  30  3:16  Reaper  
  30  3:17  Reaper  
  30  3:18  SCV  
  33  3:25  Barracks Reactor  
  33  3:28  SCV  
  33  3:29  Factory  
  33  3:30  SCV  
  33  3:31  Refinery  
  35  3:34  Marine  
  35  3:38  Stimpack  
  35  3:40  SCV  
  37  3:43  SCV  
  38  3:48  Marine x2  
  38  3:52  SCV  
  38  3:54  Supply Depot  
  38  3:55  Marine  
  42  4:06  Marine  
  43  4:21  Marine x2  
  43  4:22  Marine x2  
  43  4:23  Starport  
  43  4:24  Factory Reactor  
  47  4:26  SCV x2  
  47  4:28  Engineering Bay  
  47  4:30  Marine  
  50  4:34  Supply Depot  
  50  4:36  Supply Depot  
  50  4:38  SCV x2  
  52  4:39  Marine x2  
  54  4:55  Marine x3  
  54  4:59  Marine x2  
  59  5:07  Terran Infantry Weapons Level 1  
  59  5:10  Medivac x2  
  59  5:13  Marine x2  
  65  5:15  Refinery  
  65  5:16  Supply Depot  
  65  5:17  Supply Depot, Marine x3  
  68  5:22  SCV x2  
  68  5:26  Factory Reactor  
  70  5:38  Marine x5  
  70  5:39  Combat Shields  
  70  5:40  Supply Depot  
  70  5:42  Medivac x2, Supply Depot  
  79  6:10  Marine  
  79  6:11  Marine x2  
  77  6:12  Medivac x2, Marauder, Marine  
  77  6:17  Widow Mine x2  
  89  6:21  SCV x2  
  91  6:34  Marine x3  
  91  6:35  Marine  
  91  6:36  Marauder  
  97  6:42  Medivac x2  
  97  6:59  Marine x3  
  97  7:00  Marine  
  101  7:10  Widow Mine x2, Supply Depot  
  101  7:11  Marauder  
  101  7:12  Supply Depot  
  102  7:28  Command Center  
  98  7:35  Marine x4  
  98  7:36  Marauder  
  92  7:51  Concussive Shells  
  92  7:52  Marine  
  92  7:57  Marauder  
  95  7:59  Marine x3  
  95  8:00  Widow Mine x2  
  102  8:05  Barracks  
  102  8:08  Barracks  
  102  8:14  Marine  
  102  8:17  Medivac x2  
  102  8:18  Terran Infantry Armor Level 1, Marine x2  
  102  8:19  Marine  
  110  8:24  Marauder  
  112  8:28  Widow Mine  
  112  8:29  Widow Mine  
  112  8:32  Marine  
  117  8:36  Marine x2  
  119  8:42  Armory  
  119  8:44  SCV x2  
  119  8:46  Marauder  
  123  8:49  Engineering Bay  
  119  9:35  Marine  
  119  9:36  Barracks Tech Lab, Marine x2  
  119  9:38  Barracks Reactor  
  122  9:40  Marauder, Marine  
  122  9:42  SCV x2  
  95  10:03  Marine x3  
  95  10:04  Marine  
  95  10:05  Marauder x2  
  97  10:14  Orbital Command  
  89  10:21  Marine x2  
  81  10:22  Marine x2  
  81  10:23  Marine x2  
  81  10:25  SCV x2  
  88  10:37  SCV  
  88  10:39  Marine  
  88  10:40  Marine x4  
  91  10:51  Marine x2  
  82  11:07  Marine x2  
  82  11:08  Marine  
  82  11:09  Marauder  
  71  11:18  Barracks Reactor  
  71  11:23  Marine x2  
  71  11:24  Barracks  
  73  11:26  Marauder, Barracks, SCV x3  
  73  11:28  Marine x2  
  73  11:30  Marauder  
  82  11:41  Marine x2  
  82  11:46  Marine x2  
  90  11:48  Marauder  
  90  11:51  Marauder  
Show
View Real Time Build Order
Export as new Build Order

Worming Zerg - Winner!

Build Orders: Hatch First, Muta Ling Bane 

Get SALT Encoding   

  12  0:03  Drone  
  13  0:09  Drone  
  14  0:20  Extractor  
  14  0:21  Drone  
  14  0:22  Drone, Extractor  
  16  0:41  Hatchery  
  15  0:47  Extractor  
  15  0:49  Drone, Extractor  
  16  1:03  Spawning Pool  
  15  1:07  Overlord  
  15  1:14  Extractor  
  15  1:15  Drone, Extractor  
  16  1:26  Drone x2  
  18  1:33  Drone  
  18  1:35  Extractor  
  18  1:45  Drone  
  19  1:49  Queen  
  19  1:52  Zergling x2  
  22  2:00  Queen  
  24  2:05  Overlord  
  24  2:06  Drone x2  
  26  2:21  Drone x2  
  28  2:29  Overlord  
  28  2:35  Queen  
  28  2:36  Drone x3  
  33  2:45  Metabolic Boost  
  33  2:48  Drone x2  
  34  2:59  Zergling x2  
  34  3:00  Zergling x2  
  34  3:01  Drone x3  
  39  3:06  Roach Warren  
  39  3:12  Drone x3  
  41  3:32  Overlord  
  41  3:37  Zergling x6, Hatchery  
  43  3:44  Drone x2, Extractor  
  44  3:49  Extractor  
  43  3:56  Drone  
  43  3:57  Drone x2  
  43  3:59  Drone x2  
  43  4:01  Drone  
  49  4:19  Drone x3  
  52  4:24  Overlord x3  
  52  4:31  Lair  
  52  4:33  Evolution Chamber x2  
  50  4:50  Baneling Nest  
  50  4:52  Extractor  
  48  4:57  Drone x12  
  48  4:59  Zerg Melee Weapons Level 1  
  60  5:00  Zerg Ground Armor Level 1  
  60  5:10  Overlord  
  60  5:12  Overlord  
  60  5:13  Overlord  
  60  5:17  Zergling x2  
  60  5:18  Zergling x2, Spine Crawler  
  60  5:20  Spine Crawler  
  60  5:24  Drone x3  
  62  5:36  Centrifical Hooks  
  62  5:37  Zergling x2  
  62  5:38  Zergling x10  
  62  5:40  Baneling  
  62  5:42  Baneling x6  
  68  5:45  Drone x2  
  68  5:48  Glial Reconstitution  
  70  5:57  Roach  
  70  5:58  Roach x4  
  70  5:59  Drone  
  79  6:11  Drone x2  
  79  6:12  Drone x7  
  79  6:15  Extractor x2  
  86  6:19  Spire  
  86  6:20  Overlord  
  86  6:24  Baneling x6  
  85  6:27  Overlord  
  85  6:43  Overlord  
  85  6:44  Zergling x22  
  89  6:58  Zergling x6  
  92  7:03  Baneling x3  
  92  7:04  Baneling x4, Zergling x2  
  92  7:06  Zerg Melee Weapons Level 2  
  92  7:07  Zerg Ground Armor Level 2  
  93  7:18  Zergling x12  
  93  7:19  Zergling x4  
  83  7:34  Zergling x20  
  85  7:42  Baneling  
  85  7:43  Baneling x8  
  81  7:46  Zergling x10  
  86  7:54  Baneling x6  
  86  7:57  Zergling x2  
  86  7:58  Zergling x4  
  89  8:02  Queen  
  89  8:03  Zerg Flyer Weapons Level 1  
  91  8:05  Zergling x2  
  91  8:06  Zergling x4  
  94  8:23  Baneling x2  
  94  8:43  Mutalisk  
  94  8:44  Mutalisk x10  
  94  8:48  Hatchery  
  115  8:57  Pneumatized Carapace  
  115  8:59  Overseer  
  115  9:00  Overseer  
  105  9:17  Zergling x18  
  105  9:18  Zergling x6  
  115  9:34  Baneling x10  
  115  9:35  Zergling x8  
  100  10:01  Zergling x24  
  100  10:02  Zergling x2  
  100  10:06  Drone  
  109  10:20  Zergling x2  
  109  10:21  Zergling x18  
  114  10:22  Baneling x5  
  114  10:23  Baneling x13  
  114  10:24  Zergling x2  
  114  10:26  Queen  
  114  10:27  Queen  
  104  11:14  Overlord, Mutalisk x2  
  104  11:15  Mutalisk x5  
  116  11:18  Zergling x6  
  116  11:20  Overlord x3  
  116  11:21  Overlord  
  119  11:27  Infestation Pit  
  119  11:30  Overlord  
  119  11:32  Spore Crawler, Zergling x4  
  119  11:34  Baneling x9  
  119  11:35  Baneling x3  
  119  11:44  Zergling x2  
  119  11:45  Zergling x34  
  137  11:48  Spine Crawler  
  137  11:49  Spine Crawler  
  137  11:51  Drone x2  
  137  11:52  Drone x2  
  139  11:54  Extractor  
  139  11:55  Extractor  
Tags
 
Add a new tag
Caveats
  • Supply blocks, unpowered buildings, or Contaminate may cause inaccurate times.
  • Supply counts are checked every 10 seconds.